 Dungeon Crawl Stone Soup version 0.23-a0-167-gf92cf62f8f (webtiles) character file.

1541 PikkenKukken the Slasher (level 8, -2/73 HPs)
             Began as a Deep Dwarf Fighter on Sept 11, 2018.
             Was a Follower of Makhleb.
             Killed by divine providence
             ... invoked by an orc priest
              (8 damage)
             ... on level 6 of the Dungeon.
             The game lasted 00:09:18 (4644 turns).

PikkenKukken the Slasher (Deep Dwarf Fighter)       Turns: 4644, Time: 00:09:19

Health: -2/73      AC: 13    Str: 21    XL:     8   Next: 56%
Magic:  7/7        EV:  6    Int:  8    God:    Makhleb [*.....]
Gold:   326        SH: 11    Dex: 14    Spells: 7/7 levels left

rFire    . . .     SeeInvis .   a - +1 long sword
rCold    . . .     Gourm    .   c - +1 shield
rNeg     . . .     Faith    .   g - +0 plate armour (curse)
rPois    +         Spirit   .   l - +0 helmet
rElec    .         Reflect  .   (no cloak)
rCorr    .         Harm     .   (no gloves)
MR       +....                  (no boots)
Stlth    ..........             (no amulet)
HPRegen  0.00/turn              m - ring of flight
MPRegen  0.10/turn              p - ring of poison resistance

@: non-regenerating
A: damage resistance, heal wounds, sense surroundings 1, no regeneration
a: Heal Wounds, Renounce Religion, Evoke Flight


You were on level 6 of the Dungeon.
You worshipped Makhleb.
Makhleb was aware of your devotion.
You were hungry.

You visited 1 branch of the dungeon, and saw 6 of its levels.

You collected 326 gold pieces.

Inventory:

Hand Weapons
 a - a +1 long sword (weapon)
 n - a +4 rapier
Armour
 c - a +1 shield (worn)
 g - a cursed +0 plate armour (worn)
 l - a +0 helmet (worn)
Jewellery
 m - a ring of flight (left hand)
 p - a ring of poison resistance (right hand)
Wands
 j - a wand of iceblast (10)
 o - a wand of flame (38)
 y - a wand of digging (15)
Scrolls
 e - 4 scrolls of amnesia
 i - 2 scrolls of enchant armour
 q - a scroll of teleportation
 v - 2 scrolls of remove curse
 x - 2 scrolls of enchant weapon
Potions
 b - 2 potions of curing
 d - a potion of might
 h - a potion of berserk rage {unknown}
 k - a potion of cancellation {unknown}
 r - a potion of flight {unknown}
 s - a potion of mutation {unknown}
 t - 2 potions of ambrosia
 u - a potion of heal wounds {unknown}
 w - 2 potions of haste {unknown}
 A - a potion of lignification {unknown}
Comestibles
 f - 16 rations
 z - 7 chunks of flesh


   Skills:
 + Level 4.6 Fighting
 * Level 6.4 Long Blades
 + Level 5.6 Armour
 + Level 4.3 Dodging
 + Level 5.7 Shields
 + Level 3.3 Invocations


You had 7 spell levels left.
You didn't know any spells.
Your spell library was empty.

Dungeon Overview and Level Annotations

Branches:
Dungeon (6/15)             Temple (0/1) D:5

Altars:
Ashenzari
Fedhas
Kikubaaqudgha
Makhleb
Qazlal
Trog
Xom
The Shining One

Shops:
D:4 :


Innate Abilities, Weirdness & Mutations

You are resistant to damage.
You can heal yourself by infusing magical energy.
You passively map a small area around you.
You do not regenerate.


Message History

You are feeling hungry.
You hit the orc warrior.
The orc warrior is lightly wounded.
The orc warrior hits you with a hand axe.
* * * LOW HITPOINT WARNING * * *
Your magical contamination has completely faded away.
You hit the orc warrior.
The orc warrior is moderately wounded.
The orc warrior hits you with a hand axe.
* * * LOW HITPOINT WARNING * * *
The orc hits you but does no damage.
You hit the orc warrior but do no damage.
The orc warrior is moderately wounded.
You block the orc warrior's attack. The orc barely misses you.
You slash the orc warrior!
The orc warrior is heavily wounded.
You block the orc warrior's attack. The orc barely misses you.
The orc priest invokes the aid of Beogh against you.
Beogh smites you!
You die...

* #...... , #. #.# #.#####
#. #.# ##.## * ##.##.#
###### ##.#.## .####[.?#.#
#....# ##.###.##
..........# #.##.###.##
##.## ..........###
#.##....## ##(.
............####.####.#.##
##.## ............ooo@.#
#.##.###....
(.........#.######
#.###.#.####
.#..#...#.#.###### #.#
##.....> ,,#.
#####.!......# #.# #######
###(####.# #.# ### ,, #.#
* * #.#** * #.. #.# *, ...
, #.# * #.#* #.#** # *, *
._., #.#


You could see an orc warrior, an orc priest and an orc.

Vanquished Creatures
  Grinder (D:5)
  Edmund (D:5)
  A water moccasin (D:5)
  A sky beast (D:5)
  A phantom (D:4)
  2 ogres
  2 centaurs
  Blork the orc (D:5)
  A scorpion (D:5)
  A crimson imp (D:5)
  A hound (D:5)
  3 orc wizards
  A jelly (D:5)
  3 worker ants
  2 iguanas
  A hound skeleton (D:4)
  9 adders
  An ooze (D:1)
  2 worms
  A dart slug (D:1)
  2 leopard geckos
  14 orcs
  6 giant cockroaches
  14 goblins
  8 hobgoblins
  12 jackals
  7 kobolds
  A quokka (D:2)
  3 ball pythons
  3 bats (D:2)
  6 frilled lizards
  A jackal skeleton (D:4)
  A leopard gecko skeleton (D:6)
  A quokka skeleton (D:4)
  11 rats
126 creatures vanquished.

Notes
Turn   | Place    | Note
-------+----------+-------------------------------------------
     0 | D:1      | PikkenKukken the Deep Dwarf Fighter began the quest for the
                  | Orb.
     0 | D:1      | Reached XP level 1. HP: 20/20 MP: 1/1
    64 | D:1      | Reached XP level 2. HP: 24/27 MP: 2/2
   468 | D:1      | Reached XP level 3. HP: 24/33 MP: 3/3
   541 | D:2      | Found a glowing golden altar of the Shining One.
   541 | D:2      | Found a shattered altar of Ashenzari.
   695 | D:2      | Reached skill level 1 in Dodging
   918 | D:2      | Reached skill level 3 in Long Blades
   986 | D:2      | Reached XP level 4. HP: 26/42 MP: 4/4
  1772 | D:3      | Reached XP level 5. HP: 23/49 MP: 5/5
  2212 | D:3      | Found a bloodstained altar of Trog.
  2212 | D:3      | Found a burning altar of Makhleb.
  2216 | D:3      | Became a worshipper of Makhleb the Destroyer
  2372 | D:4      | Noticed a phantom
  2410 | D:4      | Killed a phantom
  2410 | D:4      | Reached skill level 4 in Long Blades
  2410 | D:4      | Reached XP level 6. HP: 42/56 MP: 6/6
  2652 | D:4      | Found Zoong's Book Emporium.
  3077 | D:5      | Entered Level 5 of the Dungeon
  3197 | D:5      | Reached * piety under Makhleb
  3215 | D:5      | Noticed Edmund
  3245 | D:5      | Killed Edmund
  3245 | D:5      | Reached skill level 5 in Long Blades
  3245 | D:5      | Reached XP level 7. HP: 21/63 MP: 7/7
  3354 | D:5      | Noticed a fire elemental
  3355 | D:5      | Found a stormy altar of Qazlal.
  3361 | D:5      | Noticed an air elemental
  3585 | D:5      | Reached skill level 1 in Invocations
  3605 | D:5      | Found an ancient bone altar of Kikubaaqudgha.
  3611 | D:5      | Noticed Blork the orc
  3624 | D:5      | Killed Blork the orc
  3699 | D:5      | Reached skill level 5 in Armour
  3699 | D:5      | Reached skill level 5 in Shields
  3704 | D:5      | Noticed a water elemental
  3763 | D:5      | Noticed Grinder
  3767 | D:5      | Paralysed by Grinder for 4 turns
  3784 | D:5      | Paralysed by Grinder for 3 turns
  3807 | D:5      | Killed Grinder
  3807 | D:5      | Reached XP level 8. HP: 30/72 MP: 8/8
  3849 | D:5      | Found a shimmering altar of Xom.
  3867 | D:5      | Found a staircase to the Ecumenical Temple.
  4160 | D:5      | Reached skill level 6 in Long Blades
  4497 | D:6      | Identified a scroll of acquirement
  4614 | D:6      | Found a blossoming altar of Fedhas.
  4644 | D:6      | Killed from afar by an orc priest

Vault maps used:
D:1:      lightli_arrival_windingriver, minmay_misc_feat_room, minmay_tripent
D:2:      cheibrodos_old_hovel, chequers_temple_overflow_statue_of_worship,
          minmay_misc_feat_enclosed
D:3:      gammafunk_temple_overflow_elements
D:4:      serial_shops, kennysheep_little_box, uniq_crazy_yiuf_cottage
D:5:      corexii_shack_village, kiku_gazebo_pond_becter,
          nicolae_qazlal_style_of_elements, old_standard_altar,
          minmay_temple_entry_large_hall, first_ration, uniq_edmund,
          uniq_blork_the_orc, uniq_grinder
D:6:      lemuel_crystal_altar

Skill      XL: |  1  2  3  4  5  6  7  8 |
---------------+-------------------------+-----
Dodging        | 1 2 3 4 |  4.3
Fighting       | 3 4 |  4.6
Long Blades    | 3 4 5 6 |  6.4
Armour         | 4 5 |  5.6
Shields        | 4 5 |  5.7
Invocations    | 2 3 |  3.3

Action                   |  1- 3 |  4- 6 |  7- 9 || total
-------------------------+-------+-------+-------++-------
Melee: Long sword        |   137 |   259 |   213 ||   609
 Abil: Heal Wounds       |       |     1 |     8 ||     9
  Use: Scroll            |     7 |     4 |     3 ||    14
  Eat: Chunk             |     1 |     7 |     5 ||    13
Armor: Scale mail        |    56 |       |       ||    56
       Chain mail        |    25 |    25 |       ||    50
       Plate armour      |       |   106 |    99 ||   205
Dodge: Dodged            |    55 |    39 |    29 ||   123
Block: Shield            |    95 |   142 |   119 ||   356
       Rpst.: Long sword |    20 |    18 |     6 ||    44

Table legend:
 A = Non-vault XP
 B = Vault XP
 C = Vault XP percentage of total XP
 D = Non-vault monster count
 E = Vault monster count
 F = Vault count percentage of total count
                 A         B        C        D         E       F
            +---------+---------+-------+---------+---------+-------
      Total |    1627 |     575 |  26.1 |     102 |      24 |  19.0
            +---------+---------+-------+---------+---------+-------
        D:1 |      50 |       4 |   7.4 |      24 |       2 |   7.7
        D:2 |      79 |       2 |   2.5 |      18 |       1 |   5.3
        D:3 |      81 |       0 |   0.0 |      18 |       0 |   0.0
        D:4 |     325 |       0 |   0.0 |      24 |       0 |   0.0
        D:5 |     835 |     569 |  40.5 |      14 |      21 |  60.0
        D:6 |     257 |       0 |   0.0 |       4 |       0 |   0.0
            +---------+---------+-------+---------+---------+-------
